 Dungeon Crawl Stone Soup version 0.31-a0-803-g95b03c3367 (webtiles) character file.

Game seed: 10125683229304345488

121 Armakuni the Covered (level 5, 0/37 HPs)
             Began as a Human Wanderer on Sept 21, 2023.
             Killed by divine providence
             ... invoked by an orc priest
              (14 damage)
             ... on level 3 of the Dungeon.
             The game lasted 00:04:05 (1326 turns).

Armakuni the Covered (Human Wanderer)               Turns: 1326, Time: 00:04:05

Health: 0/37       AC:  8    Str: 15    XL:     5   Next: 26%
Magic:  8/8        EV: 10    Int: 15    God:
Gold:   35         SH:  0    Dex:  9    Spells: 8/8 levels left

rFire   . . .        b - +1 quarterstaff
rCold   . . .        (shield currently unavailable)
rNeg    . . .        d - +0 ring mail
rPois   .            e - +1 helmet
rElec   .            (no cloak)
rCorr   .            (no gloves)
SInv    .            (no boots)
Will    .....        (no amulet) Stlth
                     (no ring)
HPRegen 0.26/turn    (no ring)
MPRegen 0.11/turn

%: no passive effects
@: attractive
A: no striking features
a: no special abilities


You were on level 3 of the Dungeon.
You visited 1 branch of the dungeon, and saw 3 of its levels.

You collected 35 gold pieces.

Inventory:

Hand Weapons
 b - a +1 quarterstaff (weapon)
Armour
 d - a +0 ring mail (worn)
 e - a +1 helmet (worn)
Magical Staves
 a - a staff of fire
Wands
 p - a wand of paralysis (14)
Scrolls
 c - a scroll of enchant armour
 f - 2 scrolls of identify
Potions
 g - a potion of curing


   Skills:
 - Level 1.0 Fighting
 - Level 1.0(2.2) Maces & Flails
 + Level 3.2(3.3) Staves
 + Level 3.7 Armour
 - Level 2.0 Dodging
 - Level 2.0 Spellcasting
 - Level 2.0 Poison Magic


You had 8 spell levels left.
You didn't know any spells.
Your spell library contained the following spells:

 Spells                   Type           Power      Damage    Failure   Level
 Sting                    Tmut/Pois      16%        1d3       26%         1
 Cigotuvi's Dreadful Rot  Necr/Pois/Air  6%         N/A       43%         2
 Mephitic Cloud           Conj/Pois/Air  3%         N/A       67%         3


Dungeon Overview and Level Annotations

Branches:
Dungeon (3/15)

Altars:


Message History

Okay, then.
It was a potion of attraction.
You feel attractive to monsters. The orc hits you but does no damage.
The orc priest miscasts a cantrip.
You hit the orc.
The orc is severely wounded.
The orc priest invokes the aid of Beogh against you.
Beogh smites you! The orc barely misses you.
You hit the orc.
You kill the orc!
An orc wizard appears from thin air!
Reactivating autopickup.
The orc priest mumbles some strange prayers to Beogh against you.
Beogh smites you!
* * * LOW HITPOINT WARNING * * *
The orc is attracted toward you. The orc priest is attracted toward you.
You hit the orc wizard but do no damage.
The orc wizard completely misses you.
Unknown command.
You feel much better.
The orc wizard casts a spell.
The orc wizard flickers and vanishes!
Deactivating autopickup; reactivate with Ctrl-A.
Okay, then.
You miss something. Something hits you.
The orc priest looks braver for a moment.
Something hits you.
You hit something but do no damage. Something hits you.
You closely miss something. Something hits you.
You miss something. Something hits you but does no damage.
You barely miss something. Something hits you.
You barely miss something. Something hits you but does no damage.
You miss something. Something hits you.
The orc priest invokes the aid of Beogh against you.
Beogh smites you! Something hits you.
You closely miss something.
The orc priest invokes the aid of Beogh against you.
Beogh smites you!
You die...

.............# #.#
##.....#..####
#.....#..# ###.###..#
#.# #..# ####.# ##.#
.<..)####.#
.......##.###########.#
.###.#.......oo{@.....#
..........#############
.#.#.####.# .....# #o#
##.... ... ##### .###
#. #o


You could see an orc priest and an orc.

Vanquished Creatures
  Ijyb (D:3)
  2 adders
  3 gnolls (D:2)
  3 dart slugs
  3 orcs (D:3)
  2 endoplasms (D:1)
  A giant cockroach (D:2)
  2 goblins (D:1)
  2 hobgoblins
  2 jackals (D:1)
  3 quokkas
  4 ball pythons (D:1)
  4 bats
  A frilled lizard (D:2)
  9 kobolds
  A rat (D:2)
43 creatures vanquished.

Notes
Turn   | Place    | Note
-------+----------+-------------------------------------------
     0 | D:1      | Armakuni the Human Wanderer began the quest for the Orb.
     0 | D:1      | Armakuni set off with the following items: a +1 mace, a
                  | potion of heal wounds, a +0 leather armour; and the
                  | following spell memorised: Sting; and the following spells
                  | available to memorise: Cigotuvi's Dreadful Rot, Mephitic
                  | Cloud.
     0 | D:1      | Reached XP level 1. HP: 15/15 MP: 3/3
    70 | D:1      | Reached skill level 1 in Staves
   145 | D:1      | Reached XP level 2. HP: 19/21 MP: 5/5
   369 | D:1      | Reached XP level 3. HP: 23/26 MP: 6/6
   819 | D:2      | Reached XP level 4. HP: 24/32 MP: 7/7
  1173 | D:3      | Noticed Ijyb
  1178 | D:3      | Paralysed by Ijyb for 3 turns
  1184 | D:3      | Paralysed by Ijyb for 2 turns
  1189 | D:3      | Killed Ijyb
  1190 | D:3      | Reached XP level 5. HP: 37/37 MP: 8/8
  1326 | D:3      | Killed from afar by an orc priest

Illustrated notes

Levels and vault maps discovered:
D:1:      beargit_arrival_greenhouse, layout_basic
D:2:      layout_loops_ring, hellmonk_ecumenical_altar_run_dry
D:3:      layout_loops_ring, nicolae_nh_oracle_at_delphi, uniq_ijyb

Skill      XL: |  1  2  3  4 |
---------------+-------------+-----
Staves         | 1 2 3 |  3.2
Armour         | 3 |  3.7
Fighting       | |  1.0
Maces & Flails | |  1.0
Dodging        | |  2.0
Spellcasting   | |  2.0
Poison Magic   | |  2.0

Action                     |  1- 3 |  4- 6 || total
---------------------------+-------+-------++-------
  Melee: Mace              |    81 |       ||    81
         Quarterstaff      |    14 |    79 ||    93
    Use: Potion            |     3 |     2 ||     5
         Scroll            |     4 |       ||     4
 Armour: Leather armour    |     8 |       ||     8
         Ring mail         |    71 |    61 ||   132
  Dodge: Dodged            |    78 |    21 ||    99

Table legend: (Time is in decaauts)
 A = Elapsed time spent in this place.
 B = Non-inter-level travel time spent in this place.
 C = Inter-level travel time spent in this place.
 D = Time resting spent in this place.
 E = Time spent auto-exploring this place.
 F = Levels seen in this place.
 G = Mean time per level.
                   A        B        C        D        E       F      G
               +--------+--------+--------+--------+--------+-----+--------+
         Total |   1366 |   1326 |     40 |    158 |    642 |   3 |  455.3 |
       Dungeon |   1366 |   1326 |     40 |    158 |    642 |   3 |  455.3 |
               +--------+--------+--------+--------+--------+-----+--------+

Top non-repeatable levels by time:
     D:1: 662 daAuts
     D:2: 411 daAuts
     D:3: 292 daAuts
